 Dungeon Crawl Stone Soup version 0.22-a0-21-g9421e3f (webtiles) character file.

65 mortelune the Firebug (level 3, -1/19 HPs)
             Began as a Deep Elf Fire Elementalist on Jan 2, 2018.
             Killed from afar by a white imp (10 damage)
             ... with a puff of frost
             ... summoned by Natasha
             ... on level 2 of the Dungeon.
             The game lasted 00:05:18 (2731 turns).

mortelune the Firebug (Deep Elf Fire Elementalist)  Turns: 2731, Time: 00:05:19

Health: -1/19      AC:  2    Str:  5    XL:     3   Next: 92%
Magic:  1/10       EV: 13    Int: 20    God:
Gold:   148        SH:  0    Dex: 15    Spells: 3/9 levels left

rFire    . . .     SeeInvis .   (no weapon)
rCold    . . .     Gourm    .   (no shield)
rNeg     . . .     Faith    .   a - +0 robe
rPois    .         Spirit   .   (no helmet)
rElec    .         Reflect  .   (no cloak)
rCorr    .         Harm     .   (no gloves)
MR       .....                  (no boots)
Stlth    ++........             (no amulet)
HPRegen  0.06/turn              (no ring)
MPRegen  0.12/turn              (no ring)

@: no status effects
A: no striking features
a: no special abilities


You were on level 2 of the Dungeon.
You were not hungry.

You visited 1 branch of the dungeon, and saw 2 of its levels.

You collected 148 gold pieces.

Inventory:

Hand Weapons
 j - a +0 hand axe
 n - a +1 dagger of venom
Missiles
 k - 4 javelins of returning (quivered)
Armour
 a - a +0 robe (worn)
Jewellery
 r - a +5 ring of strength {unknown}
Scrolls
 e - a scroll of random uselessness {unknown}
 f - a scroll of remove curse {unknown}
 h - 2 scrolls of enchant weapon {unknown}
 l - a scroll of fog {unknown}
 o - a scroll of teleportation {unknown}
 p - a scroll of noise {unknown}
 q - a scroll of immolation {unknown}
 s - a scroll of enchant armour {unknown}
Potions
 g - a potion of agility
 i - a potion of mutation
 m - a potion of curing {unknown}
Books
 b - a book of Flames

   Spells                             Type                      Level
   a - Flame Tongue                   Conjuration/Fire             1
   b - Throw Flame                    Conjuration/Fire             2
   c - Conjure Flame                  Conjuration/Fire             3
   d - Inner Flame                    Hexes/Fire                   3
   e - Sticky Flame                   Conjuration/Fire             4
   f - Fireball                       Conjuration/Fire             5
Comestibles
 c - 3 rations


   Skills:
 - Level 2.4 Dodging
 - Level 2.4 Stealth
 + Level 3.8 Spellcasting
 * Level 3.1 Conjurations
 + Level 3.8 Fire Magic


You had 3 spell levels left.
You knew the following spells:

 Your Spells              Type           Power        Failure   Level  Hunger
a - Flame Tongue          Conj/Fire      ###..        3%          1    None
b - Throw Flame           Conj/Fire      ###...       4%          2    ##.....
c - Conjure Flame         Conj/Fire      ###.....     10%         3    ###....


Dungeon Overview and Level Annotations

Branches:
Dungeon (2/15)

Altars:

Annotations:
D:2 Natasha


Message History

Confirm with . or Enter, or press ? or * to list all spells.
Aiming: Flame Tongue
Press: ? - help, Shift-Dir - straight line, f/p - white imp
Aim: a white imp (summoned)
The flame tongue hits the white imp.
The white imp is burned terribly!
The white imp is severely wounded.
Casting: Flame Tongue
Confirm with . or Enter, or press ? or * to list all spells.
You don't have enough magic to cast that spell.
Unknown command.
Natasha casts a spell.
Natasha drinks a potion.
Natasha seems to speed up.
The white imp gestures at you. The puff of frost hits you!
Ouch! That really hurt!
Natasha casts a spell.
The white imp gestures at you. The puff of frost hits you!
Ouch! That really hurt!
You die...

#..........).#####
#.......####.....#
##.....## #####.#
##...## #.# ##.##
#.# #.# #.# #.#
#.# #.# #.# #.#
#@# ####.######
#.# ........>.#
#.# #.#######.#
#.# ......... #5##
#.####### #..# #.#
##5# #.# #h# #.#
#.#


You could see Natasha, a white imp and a shadow imp.

Vanquished Creatures
  2 adders (D:2)
  A worm (D:2)
  2 dart slugs (D:1)
  A leopard gecko (D:1)
  4 bats
  A giant cockroach (D:2)
  11 goblins
  A hobgoblin (D:1)
  3 jackals (D:1)
  2 frilled lizards (D:1)
  5 kobolds
  7 rats
40 creatures vanquished.

Notes
Turn   | Place    | Note
-------+----------+-------------------------------------------
     0 | D:1      | mortelune the Deep Elf Fire Elementalist began the quest for the Orb.
     0 | D:1      | Reached XP level 1. HP: 10/10 MP: 6/6
   314 | D:1      | Reached XP level 2. HP: 12/15 MP: 4/8
   352 | D:1      | Learned a level 2 spell: Throw Flame
  1226 | D:1      | Reached XP level 3. HP: 19/19 MP: 3/10
  1231 | D:1      | Learned a level 3 spell: Conjure Flame
  2716 | D:2      | Noticed Natasha
  2731 | D:2      | Killed from afar by a white imp

Vault maps used:
D:1:      sevenhm_arrival_forest_fort_large_3
D:2:      first_ration, uniq_natasha

Skill      XL: |  1  2  3 |
---------------+----------+-----
Conjurations   | 2 3 |  3.1
Dodging        | |  2.4
Stealth        | |  2.4
Spellcasting   | |  3.8
Fire Magic     | |  3.8

Action                   || total
-------------------------++-------
 Cast: Flame Tongue      ||    51
       Throw Flame       ||    25
       Conjure Flame     ||     3
  Use: Scroll            ||     2
  Eat: Chunk             ||     6
Armor: Robe              ||     1
Dodge: Dodged            ||     6

Table legend:
 A = Spawn XP
 B = Non-spawn XP
 C = Spawn XP percentage of total XP
 D = Spawn monster count
 E = Non-spawn monster count
 F = Spawn count percentage of total count
 G = Total turns spent on level
                    A         B        C        D         E        F      G
               +---------+---------+-------+---------+---------+-------+---------
         Total |       0 |      93 |   0.0 |       0 |      40 |   0.0 |  2731
               +---------+---------+-------+---------+---------+-------+---------
           D:1 |       0 |      55 |   0.0 |       0 |      32 |   0.0 |  1793
           D:2 |       0 |      38 |   0.0 |       0 |       8 |   0.0 |   938
               +---------+---------+-------+---------+---------+-------+---------
